 Dungeon Crawl Stone Soup version 0.31-a0-1082-g7d1fb776a8 (webtiles) character file.

Game seed: 18103520458913856534

1406 Bonskee the Trooper (level 9, -4/68 HPs)
             Began as a Human Warper on Nov 17, 2022.
             Was an Initiate of Wu Jian.
             Slain by a thrashing horror (11 damage)
             ... on level 2 of the Abyss on Nov 27, 2023.
             The game lasted 00:47:44 (7405 turns).

Bonskee the Trooper (Human Warper)                  Turns: 7405, Time: 00:47:45

Health: -4/68      AC: 14    Str: 14    XL:     9   Next: 1%
Magic:  21/21      EV:  5    Int: 14    God:    Wu Jian [......]
Gold:   304        SH:  0    Dex: 14    Spells: 10/12 levels left

rFire   + . .        x - +5 hammer "Ycsyocit" {flame, Drain rElec rPois}
rCold   . . .        (no shield)
rNeg    . . .        s - +1 plate armour
rPois   +            (no helmet)
rElec   +            (no cloak)
rCorr   .            g - +0 pair of gloves
SInv    .            (no boots)
Will    .....        C - amulet of regeneration Stlth
                     h - ring of protection from fire
HPRegen 1.11/turn    b - ring of magical power
MPRegen 0.17/turn

%: no passive effects
@: no status effects
A: no striking features
a: Renounce Religion


You were on level 2 of the Abyss.
You worshipped Wu Jian.
Wu Jian was noncommittal.
You visited 1 branch of the dungeon, and saw 6 of its levels.
You visited the Abyss 1 time.

You collected 304 gold pieces.

Inventory:

Hand Weapons
 a - a +1 hand axe
 v - a +0 long sword
 w - a +3 war axe of flaming
 x - the +5 hammer "Ycsyocit" (weapon) {flame, Drain rElec rPois}
   (You found it on level 4 of the Dungeon)

   rElec:     It insulates you from electricity.
   rPois:     It protects you from poison Drain: It drains your maximum health
   when unequipped.
Missiles
 d - 7 boomerangs of dispersal
 j - 10 poisoned darts
 u - 8 boomerangs (quivered)
Armour
 g - a +0 pair of gloves (worn)
 s - a +1 plate armour (worn)
 t - a +3 ring mail
Magical Staves
 k - a staff of cold
Jewellery
 b - a ring of magical power (right hand)
 h - a ring of protection from fire (left hand)
 C - an amulet of regeneration (around neck)
Wands
 m - a wand of digging (3)
Scrolls
 c - 2 scrolls of blinking
 f - a scroll of immolation
 q - 3 scrolls of teleportation
 y - a scroll of enchant armour
 B - a scroll of identify
 E - a scroll of noise {unknown}
Potions
 e - a potion of magic {unknown}
 i - 3 potions of brilliance
 o - 2 potions of attraction
 p - 3 potions of lignification {unknown}
 r - 5 potions of curing {unknown}
 z - a potion of might {unknown}
 A - a potion of degeneration {unknown}
 D - a potion of haste {unknown}


   Skills:
 + Level 5.6 Fighting
 - Level 3.1(4.6) Axes
 * Level 5.3(5.7) Maces & Flails
 + Level 3.8 Throwing
 + Level 4.6 Armour
 - Level 3.1 Dodging
 - Level 2.0 Spellcasting
 - Level 3.0 Translocations


You had 10 spell levels left.
You knew the following spells:

 Your Spells              Type           Power      Damage    Failure   Level
a - Blink                 Tloc           18%        N/A       100%        2

Your spell library contained the following spells:

 Spells                   Type           Power      Damage    Failure   Level
 Slow                     Hex            4%         N/A       100%        1
 Lesser Beckoning         Tloc           18%        N/A       100%        2
 Wereblood                Tmut           1%         N/A       100%        2
 Confusing Touch          Hex            1%         N/A       100%        3
 Teleport Other           Tloc           9%         N/A       100%        3
 Vampiric Draining        Necr           1%         2d6       100%        3
 Manifold Assault         Tloc           9%         N/A       100%        4
 Vhi's Electric Charge    Tloc/Air       10%        N/A       100%        4
 Iskenderun's Battlesphe  Conj           1%         2d6       100%        5
 Bombard                  Conj/Erth      0%         9d1       100%        6
 Spellforged Servitor     Conj/Summ      0%         N/A       100%        7


Dungeon Overview and Level Annotations

Branches:
Dungeon (6/15)
 Temple: D:4-7

Altars:
Nemelex Xobeh
Trog
Vehumet
Wu Jian

Shops:
D:5 [


Message History

The thrashing horror barely misses you. x2; The thrashing horror tramples you.
You hold your ground!
The thrashing horror tramples you but does no damage. x4
You hit the thrashing horror. You burn the thrashing horror.
The thrashing horror is heavily damaged.
You flicker back into view.
The thrashing horror tramples you but does no damage.
The thrashing horror tramples you.
You hold your ground!
The thrashing horror barely misses you. x2; The thrashing horror tramples you!
You hold your ground!
The thrashing horror barely misses you.
The thrashing horror tramples you but does no damage.
The thrashing horror tramples you.
You hold your ground!
The thrashing horror tramples you.
You hold your ground!
The thrashing horror tramples you but does no damage.
The thrashing horror tramples you.
You hold your ground!
The thrashing horror barely misses you. The thrashing horror tramples you.
* * * LOW HITPOINT WARNING * * *
You stumble backwards!
The thrashing horror completely misses you.
The thrashing horror tramples you but does no damage.
The thrashing horror tramples you!
* * * LOW HITPOINT WARNING * * *
You hold your ground!
The thrashing horror tramples you.
* * * LOW HITPOINT WARNING * * *
You hold your ground!
The thrashing horror tramples you but does no damage. x2
The thrashing horror barely misses you.
The thrashing horror tramples you but does no damage.
The thrashing horror tramples you.
* * * LOW HITPOINT WARNING * * *
You stumble backwards!
The thrashing horror tramples you.
* * * LOW HITPOINT WARNING * * *
You stumble backwards!
The thrashing horror tramples you.
* * * LOW HITPOINT WARNING * * *
You hold your ground!
The thrashing horror tramples you but does no damage.
The thrashing horror tramples you!
You die...

. # ..## ## . .. .#
#. ..###.#...## #
#.# #
.#.#.#.#..####.
....####..........#
#
..#.....##.#....#.#.
#..##.#..#.#...#.. .
#.#....#....#.#....
#@X#.#..†....... #
#.#X.....#.#.# #
###.#.#.#...#. # #
###...##.#..#. ... .
#.#...##..### # .
#....#####..# . .
........ .∩..#.. .
...#......#.## .
.....####..##


You could see 2 thrashing horrors.

Vanquished Creatures
  A raiju (Abyss:2)
  Sigmund (D:4)
  A wyvern (D:4)
  A water moccasin (D:5)
  A sky beast (D:4)
  An ogre (D:5)
  A phantom (D:5)
  A scorpion (D:5)
  3 orc priests
  2 jellies
  Crazy Yiuf (D:4)
  2 hounds (D:5)
  2 iguanas (D:5)
  2 orc wizards (D:5)
  7 adders
  3 worms
  3 dart slugs
  15 orcs
  3 ball pythons
  7 bats
  10 endoplasms
  3 giant cockroaches
  9 goblins
  8 hobgoblins
  6 kobolds
  6 quokkas
  7 frilled lizards
  4 rats
111 creatures vanquished.

Vanquished Creatures (others)
  An orc wizard (D:5)
1 creature vanquished.

Grand Total: 112 creatures vanquished

Notes
Turn   | Place    | Note
-------+----------+-------------------------------------------
     0 | D:1      | Bonskee the Human Warper began the quest for the Orb.
     0 | D:1      | Reached XP level 1. HP: 16/16 MP: 3/3
   181 | D:1      | Reached XP level 2. HP: 16/22 MP: 5/5
   219 | D:1      | Found a faded altar of an unknown god.
   426 | D:1      | Reached XP level 3. HP: 13/28 MP: 6/6
   515 | D:1      | Learned a level 2 spell: Blink
  1377 | D:2      | Reached XP level 4. HP: 31/34 MP: 7/7
  1395 | D:2      | HP: 1/35 [orc priest/+0 mace (6)]
  1860 | D:2      | Reached XP level 5. HP: 34/41 MP: 8/8
  2940 | D:3      | Found a faded altar of an unknown god.
  2940 | D:3      | Found a faded altar of an unknown god.
  2946 | D:3      | Found a bloodstained altar of Trog.
  2948 | D:3      | Found a sparkling altar of Nemelex Xobeh.
  2949 | D:3      | Found a radiant altar of Vehumet.
  3407 | D:4      | Noticed Sigmund
  3440 | D:4      | Noticed a wyvern
  3708 | D:4      | Reached XP level 6. HP: 27/48 MP: 9/9
  4437 | D:4      | Identified the +5 hammer "Ycsyocit" {flame, Drain rElec
                  | rPois}
  4509 | D:5      | Entered Level 5 of the Dungeon
  4511 | D:5      | Found Urghoduhe's Armour Boutique.
  4606 | D:5      | Reached skill level 1 in Maces & Flails
  4660 | D:5      | Noticed a water moccasin
  4660 | D:5      | Noticed a sky beast
  4707 | D:4      | Killed a sky beast
  4708 | D:4      | Reached XP level 7. HP: 55/55 MP: 10/10
  4720 | D:5      | Killed a water moccasin
  5159 | D:4      | Killed a wyvern
  5413 | D:5      | Reached XP level 8. HP: 45/61 MP: 11/11
  5417 | D:5      | Reached skill level 5 in Fighting
  5793 | D:4      | Upgraded the game from 0.30-a0-365-ge7f957f1db to
                  | 0.31-a0-1082-g7d1fb776a8
  6159 | D:4      | Killed Sigmund
  6192 | D:4      | Found a runed translucent door.
  6193 | D:4      | Noticed Crazy Yiuf
  6202 | D:4      | Killed Crazy Yiuf
  6842 | D:5      | Found an ornate altar of the Wu Jian Council.
  6847 | D:5      | Noticed a spectral centipede
  6847 | D:5      | Noticed a spectral black mamba
  6848 | D:5      | Became a worshipper of the Wu Jian Council
  7279 | Abyss:1  | Cast into level 1 of the Abyss (gnoll)
  7345 | Abyss:2  | Noticed a raiju
  7345 | Abyss:2  | Noticed a raiju
  7364 | Abyss:2  | Noticed a thrashing horror
  7368 | Abyss:2  | Noticed a thrashing horror
  7374 | Abyss:2  | Killed a raiju
  7375 | Abyss:2  | Reached skill level 5 in Maces & Flails
  7375 | Abyss:2  | Reached XP level 9. HP: 26/68 MP: 12/12
  7405 | Abyss:2  | Slain by a thrashing horror

Illustrated notes

Levels and vault maps discovered:
D:1:      lemuel_arrival_river_ford, layout_loops_ring,
          ebering_ecumenical_altar_ruins
D:2:      layout_basic, minmay_large_rounded_square
D:3:      minmay_chambers_of_threes, layout_basic,
          chequers_temple_overflow_minitemple, reono_crystal_passage,
          minivault_23
D:4:      layout_basic, serial_curves, eino_curves_04, eino_curves_02,
          eino_curves_01, eino_curves_01, minmay_misc_feat_secret_circle,
          uniq_sigmund, uniq_crazy_yiuf_cottage
D:5:      layout_loops_ring, pdpol_wu_jian_five_deadly_venoms, serial_shops,
          nicolae_square_shop, kennysheep_pointless_box
D:6:      lemuel_insect_pit, layout_layer_cave, kennysheep_mini_moat,
          hangedman_decor_push
Abyss:2:  base:
Temple

Skill      XL: |  1  2  3  4  5  6  7  8 |
---------------+-------------------------+-----
Fighting       | 3 4 5 |  5.6
Armour         | 2 3 4 |  4.6
Axes           | 3 |  3.1
Dodging        | 3 |  3.1
Maces & Flails | 1 3 5 |  5.3
Throwing       | 2 3 |  3.8
Spellcasting   | |  2.0
Translocations | |  3.0

Action                     |  1- 3 |  4- 6 |  7- 9 || total
---------------------------+-------+-------+-------++-------
  Melee: Hand axe          |   110 |   155 |       ||   265
         Punch             |     1 |       |     1 ||     2
         Mace              |       |    25 |   132 ||   157
  Throw: Dart              |     4 |     5 |       ||     9
   Cast: Blink             |       |       |     3 ||     3
    Use: Scroll            |     4 |     9 |     1 ||    14
         Potion            |       |       |     4 ||     4
   Stab: Sleeping          |     1 |       |       ||     1
         Invisible         |       |       |     3 ||     3
 Armour: Leather armour    |    37 |    26 |       ||    63
         Ring mail         |       |    39 |    71 ||   110
         Plate armour      |       |       |    89 ||    89
  Dodge: Dodged            |    58 |   103 |    74 ||   235

Table legend: (Time is in decaauts)
 A = Elapsed time spent in this place.
 B = Non-inter-level travel time spent in this place.
 C = Inter-level travel time spent in this place.
 D = Time resting spent in this place.
 E = Time spent auto-exploring this place.
 F = Levels seen in this place.
 G = Mean time per level.
                   A        B        C        D        E       F      G
               +--------+--------+--------+--------+--------+-----+--------+
         Total |   7491 |   6721 |    770 |   2004 |   1869 |   8 |  936.4 |
       Dungeon |   7362 |   6592 |    770 |   2004 |   1815 |   6 | 1227.0 |
         Abyss |    128 |    128 |      0 |      0 |     54 |   2 |   64.0 |
               +--------+--------+--------+--------+--------+-----+--------+

Top non-repeatable levels by time:
     D:4: 2238 daAuts
     D:5: 1615 daAuts
     D:3: 1343 daAuts
     D:1: 1118 daAuts
     D:2: 1042 daAuts
 Abyss:2: 102 daAuts
 Abyss:1: 25 daAuts
     D:6: 3 daAuts
